Map: Incorporeal LE

Players

Zystem

  • Race: Zerg Zerg
  • League: Diamond
  • Spawn Location: 5:00

A.I. 1 (Very Easy) - Winner!

  • Race: Terran Terran
  • Spawn Location: 11:00

VOD

Have the link to the VOD?

Description

Time

  • Played on: July 10, 2025, 6:29 a.m.
  • Length: 2:34
Show
View Real Time Build Order
Export as new Build Order

Zystem Zerg 

Build Orders: Pool Only 

Get SALT Encoding   

  12  0:00  Drone  
  13  0:08  Drone  
  14  0:14  Extractor  
  14  0:15  Drone  
  15  0:29  Spawning Pool  
  15  0:33  Extractor  
  15  0:35  Drone  
  14  0:43  Overlord  
  14  1:18  Roach Warren  
  13  1:20  Extractor  
  13  1:23  Drone x3  
  15  1:58  Roach  
  17  2:20  Ravager  
Show
View Real Time Build Order
Export as new Build Order

A.I. 1 (Very Easy) Terran - Winner!

Build Orders:  

Get SALT Encoding   

  12  0:00  SCV  
  13  0:13  SCV  
  14  0:18  Supply Depot  
  14  0:41  Barracks  
  14  1:02  Command Center  
  14  1:28  Marine  
  14  1:30  Supply Depot, Orbital Command  
  15  1:37  Refinery  
  15  1:49  Refinery  
  15  1:56  SCV  
  16  2:08  SCV  
  16  2:14  SCV  
  18  2:22  SCV  
Tags
 
League
Diamond
Matchup
TvZ
Opening
Pool Only
Spawn Locations
Cross Positions
Add a new tag
Caveats
  • Supply blocks, unpowered buildings, or Contaminate may cause inaccurate times.
  • Supply counts are checked every 10 seconds.